Description

Hellions Mech Banshee push

Replay - Theila - ZvT Hellions Mech Banshee pushes - Dammerturme_66

Build Order

Get SALT Encoding   

  12  0:01  SCV  
  13  0:13  SCV  
  14  0:18  Supply Depot  
  14  0:25  SCV  
  15  0:39  SCV  
  15  0:41  Barracks  
  16  0:46  Refinery  
  16  0:52  SCV  
  17  1:04  SCV  
  18  1:16  SCV  
  19  1:28  Marine  
  19  1:29  Orbital Command  
  20  1:41  Command Center  
  20  1:46  Marine  
  21  1:52  Supply Depot  
  21  1:56  SCV  
  22  2:08  Factory  
  22  2:15  Barracks Reactor, Refinery  
  22  2:24  SCV  
  23  2:36  SCV  
  24  2:48  SCV  
  25  2:54  Starport  
  25  2:56  Orbital Command  
  25  3:00  SCV  
  25  3:04  Hellion  
  25  3:05  Hellion  
  30  3:07  Barracks Tech Lab  
  30  3:13  SCV  
  31  3:23  Supply Depot  
  31  3:24  SCV  
  31  3:25  SCV  
  33  3:28  Hellion  
  33  3:29  Hellion  
  37  3:37  SCV x2  
  37  3:38  Cloaking Field, Barracks Tech Lab  
  39  3:43  Refinery, Banshee  
  42  3:49  SCV  
  42  3:50  SCV  
  44  3:57  Armory  
  44  4:00  Hellion  
  44  4:01  Hellion  
  48  4:03  SCV  
  48  4:08  SCV  
  50  4:16  Supply Depot  
  50  4:18  Supply Depot  
  50  4:21  Hellion  
  50  4:23  Hellion  
  54  4:34  Supply Depot  
  54  4:37  Refinery  
  54  4:38  Banshee, SCV  
  58  4:43  SCV  
  59  4:50  SCV  
  59  4:52  Hellion x2  
  64  5:04  Factory  
  64  5:07  Barracks Tech Lab  
  64  5:09  Command Center  
  64  5:23  SCV  
  64  5:24  Hellion  
  64  5:25  Hellion  
  67  5:40  SCV  
  67  5:41  Banshee  
  59  6:00  SCV, Siege Tank  
  59  6:01  Hellion x2  
  65  6:08  SCV  
  66  6:12  SCV  
  66  6:15  Factory  
  67  6:20  SCV  
  67  6:24  SCV  
  69  6:30  Barracks Tech Lab  
  69  6:41  Siege Tank  
  69  6:44  Hellion x2, SCV  
  69  6:45  Orbital Command  
  77  6:56  SCV  
  78  7:03  Factory  
  78  7:08  Engineering Bay, SCV, Starport Reactor  
  78  7:10  Supply Depot  
  78  7:11  Supply Depot  
  78  7:12  Supply Depot  
  78  7:13  Terran Vehicle And Ship Armor Level 1  
  78  7:15  Supply Depot  
  79  7:16  Armory  
  79  7:18  Siege Tank x2  
  79  7:20  SCV  
  86  7:23  Hellion x2  
  86  7:28  SCV  
  91  7:34  Orbital Command  
  91  7:45  Hellion x2  
  91  7:50  Siege Tank x2  
  101  7:54  Thor  
  101  7:55  Supply Depot  
  107  8:00  Supply Depot  
  107  8:19  Hellion x2  
  111  8:22  Siege Tank x2  
  111  8:38  Siege Tank  
  111  8:41  Hellion  
  110  8:50  Hellion  
  110  8:54  Siege Tank x2  
  116  8:56  SCV  
  116  9:02  Hellion  
  115  9:08  SCV  
  116  9:10  Siege Tank  
  116  9:12  Hellion  
  121  9:20  SCV  
  121  9:23  Hellion  
  124  9:26  Siege Tank x2  
  124  9:29  Refinery  
  124  9:30  Refinery, Missile Turret  
  130  9:32  SCV  
  130  9:33  Hellion  
  131  9:45  Hellion  
  141  10:03  Supply Depot  
  141  10:06  Supply Depot  
  141  10:09  Supply Depot, Command Center  
  141  10:10  Supply Depot  
Spawning Tool Build Advisor. Get it on Overwolf

Analysis

Hellions Mech Banshee push

Go to:

Details

  • Created by: propagare
  • Published on: Aug 27, 2016
  • Modified on: Aug 27, 2016
  • Patch: Pre-3.8.0
Show
View Real Time Build Order
Export as new Build Order

Comments (0)

There are no comments. Be the first!

Create an account to comment!